 Dungeon Crawl Stone Soup version 0.28-a0-1505-g8c907de6ad (webtiles) character file.

Game seed: 12251676774232137128

1752 sanka the Conjurer (level 9, -3/65 HPs)
             Began as a Gnoll Conjurer on Jan 13, 2022.
             Was an Initiate of Ashenzari.
             Slain by a bullfrog (5 damage)
             ... on level 6 of the Dungeon.
             The game lasted 00:08:32 (6775 turns).

sanka the Conjurer (Gnoll Conjurer)                 Turns: 6775, Time: 00:08:33

Health: -3/65      AC:  3    Str:  6    XL:     9   Next: 6%
Magic:  15/18      EV: 14    Int: 22    God:    Ashenzari [......]
Gold:   385        SH:  0    Dex: 11    Spells: 17/20 levels left

rFire   . . .      SeeInvis .   a - +0 dire flail
rCold   . . .      Faith    .   (shield currently unavailable)
rNeg    + . .      Spirit   .   o - +0 robe
rPois   .          Reflect  .   (no helmet)
rElec   .          Harm     .   n - +0 cloak of the Bound Midnight Sun {rN+, Melee, Comp} (curse)
rCorr   .          Rampage  .   (no gloves)
Will    .....                   (no boots)
Stlth   +++.......              (no amulet)
HPRegen 0.20/turn               (no ring)
MPRegen 0.16/turn               (no ring)

@: no status effects
A: fangs 1, strong nose, distributed training
a: Renounce Religion, Shatter the Chains


You were on level 6 of the Dungeon.
You worshipped Ashenzari.
Ashenzari was noncommittal.
You visited 2 branches of the dungeon, and saw 7 of its levels.

You collected 385 gold pieces.


Innate Abilities, Weirdness & Mutations

You have very sharp teeth.
Your uncanny sense of smell can sniff out nearby items.
Your experience applies equally to all skills.


   Skills:
 + Level 3.8 Fighting
 + Level 3.8(4.2) Short Blades
 + Level 3.8(4.2) Long Blades
 + Level 3.8(4.2) Axes
 + Level 3.8(4.2) Maces & Flails
 + Level 3.8(4.2) Polearms
 + Level 3.8(4.2) Staves
 + Level 3.8 Slings
 + Level 3.8 Bows
 + Level 3.8 Crossbows
 + Level 3.8 Throwing
 + Level 3.8 Armour
 + Level 6.0 Dodging
 + Level 5.7 Stealth
 + Level 3.8 Shields
 + Level 3.8(4.2) Unarmed Combat
 + Level 6.4 Spellcasting
 + Level 7.8 Conjurations
 + Level 3.1 Hexes
 + Level 3.1(3.5) Summonings
 + Level 3.1(3.5) Necromancy
 + Level 3.1 Translocations
 + Level 3.1 Transmutations
 + Level 3.1 Fire Magic
 + Level 3.1 Ice Magic
 + Level 3.1 Air Magic
 + Level 3.1 Earth Magic
 + Level 3.1 Poison Magic
 + Level 4.2 Invocations
 + Level 3.8 Evocations


You had 17 spell levels left.
You knew the following spells:

 Your Spells              Type           Power      Damage    Failure   Level
x - Searing Ray           Conj           82%        2d7       1%          2
z - Magic Dart            Conj           100%       1d8       1%          1

Your spell library contained the following spells:

 Spells                   Type           Power      Damage    Failure   Level
 Dazzling Flash           Conj/Hex       62%        N/A       2%          3
 Sublimation of Blood     Necr           22%        N/A       3%          2
 Wereblood                Tmut           21%        N/A       3%          2
 Confusing Touch          Hex            21%        N/A       7%          3
 Fulminant Prism          Conj/Hex       15%        3d11      9%          4
 Iskenderun's Mystic Bla  Conj/Tloc      31%        2d8       9%          4
 Petrify                  Tmut/Erth      21%        N/A       24%         4
 Irradiate                Conj/Tmut      15%        3d18      26%         5
 Yara's Violent Unravell  Hex/Tmut       10%        3d6       54%         5
 Enfeeble                 Hex            10%        N/A       100%        7
 Summon Hydra             Summ           11%        N/A       100%        7

Inventory:

Hand Weapons
 a - a +0 dire flail (weapon)
 b - a +2 short sword of venom
 F - a +0 dagger of venom
Missiles
 A - a throwing net {=f}
Armour
 g - a +0 cloak
 n - the cursed +0 cloak of the Bound Midnight Sun (worn) {rN+, Melee, Comp} rN: It protects you from negative energy. It has a curse which improves the following skills: Melee Combat: Short Blades, Long Blades, Axes, Maces & Flails, Polearms, Staves and Unarmed Combat. Companions: Summonings and Necromancy.
 o - a +0 robe (worn)
 u - a scarf of repulsion
Magical Staves
 e - a staff of air
 x - a staff of air
Wands
 t - a wand of flame (15)
 w - a wand of acid (13)
 z - a wand of digging (4)
Scrolls
 d - 2 scrolls of fear {unknown}
 i - 2 scrolls of enchant weapon {unknown}
 k - a scroll of teleportation {unknown}
 m - a scroll of fog {unknown}
 q - a scroll of magic mapping {unknown}
 r - 2 scrolls of blinking {unknown}
 s - 9 scrolls of identify {unknown}
 v - a scroll of amnesia {unknown}
 y - a scroll of brand weapon {unknown}
 B - a scroll of immolation {unknown}
 C - a scroll of torment {unknown}
Potions
 c - 2 potions of degeneration {unknown}
 f - a potion of berserk rage {unknown}
 h - 4 potions of curing {unknown}
 j - a potion of magic {unknown}
 l - 3 potions of heal wounds {unknown}
 p - a potion of mutation {unknown}
 D - a potion of lignification {unknown}
 E - a potion of cancellation {unknown}

Dungeon Overview and Level Annotations

Branches:
Dungeon (6/15)             Temple (1/1) D:4

Altars:
Ashenzari
Cheibriados
Dithmenos
Fedhas
Gozag
Hepliaklqana
Makhleb
Nemelex Xobeh
Okawaru
Qazlal
Ru
Sif Muna
Trog
Uskayaw
Wu Jian
Xom
Zin
The Shining One

Portals:
Ossuary: D:6

Annotations:
D:3 2 transporters, kae's ghost, amateur TrTm

....▒...'∩▒▒†........
.> ..▒
▒...▒▒▒..▒.▒▒▒▒▒▒ ▒▒▒
▒ ▒.▒.▒▒..▒▒.▒
▒..M▒..▒ ▒.▒ ▒
▒......▒ ▒.▒
.....▒..▒.▒ ▒.▒
....)....g.▒ .▒
▒▒▒▒▒▒▒▒▒▒F▒ ▒g▒ ▒▒▒


You could see a bullfrog, a mummy and a gnoll.


Message History

The gnoll hits you from afar with a +0 spear.
* * * LOW HITPOINT WARNING * * *
Unknown command.
Unknown command.
You completely miss the mummy.
The mummy is severely damaged.
The bullfrog hits you.
* * * LOW HITPOINT WARNING * * *
The gnoll barely misses you. The mummy hits you.
* * * LOW HITPOINT WARNING * * *
The bullfrog misses you. The bullfrog completely misses you.
The bullfrog closely misses you. The bullfrog closely misses you.
The bullfrog barely misses you. The bullfrog misses you.
Aiming: Searing Ray (safe; 1% risk of failure)
Aim: a bullfrog (77% to hit)
The searing ray hits the bullfrog!
The bullfrog is heavily wounded. (Press . to maintain the ray.)
The bullfrog completely misses you.
The searing ray misses the bullfrog.
The bullfrog hits you.
* * * LOW HITPOINT WARNING * * *
The gnoll hits you from afar with a +0 spear.
* * * LOW HITPOINT WARNING * * *
The bullfrog hits you.
You die...

Action                   |  1- 3 |  4- 6 |  7- 9 || total
-------------------------+-------+-------+-------++-------
Melee: Dire flail        |       |    10 |    40 ||    50
       Bite              |       |     2 |     2 ||     4
 Cast: Magic Dart        |    66 |    82 |   116 ||   264
       Searing Ray       |       |     5 |    14 ||    19
Invok: Curse Item        |       |       |     1 ||     1
 Stab: Sleeping          |       |       |     1 ||     1
Armor: Robe              |       |     7 |    11 ||    18
Dodge: Dodged            |       |    15 |    77 ||    92

Levels and vault maps discovered:
D:1:      roderic_chinese_lattice_arrival, layout_basic,
          hellmonk_ecumenical_altar_heavens_door
D:2:      minmay_diamond_boxcup, layout_basic, uniq_terence
D:3:      layout_basic, gammafunk_ghost_arena
D:4:      layout_loops_ring, minmay_temple_entry_sparse_star,
          nicolae_elevator_lobby_asterisk, uniq_sigmund
D:5:      layout_cave_pods, jmf_multi_god_temple, dk_vineyard_1,
          lexackson_kobold_supper, uniq_edmund, uniq_menkaure
D:6:      layout_basic, nicolae_ossuary_entry_giza
Temple:   eino_temple_scatter_basement

Notes
Turn   | Place    | Note
-------+----------+-------------------------------------------
     0 | D:1      | sanka the Gnoll Conjurer began the quest for the Orb.
     0 | D:1      | Reached XP level 1. HP: 13/13 MP: 6/6
   111 | D:1      | Reached XP level 2. HP: 19/19 MP: 2/7
   204 | D:1      | Found a faded altar of an unknown god.
   523 | D:1      | Reached XP level 3. HP: 25/25 MP: 6/9
   574 | D:1      | Reached skill level 5 in Spellcasting
   996 | D:2      | Reached skill level 1 in Invocations
  1071 | D:2      | Reached skill level 1 in Fighting
  1071 | D:2      | Reached skill level 1 in Short Blades
  1071 | D:2      | Reached skill level 1 in Long Blades
  1071 | D:2      | Reached skill level 1 in Axes
  1071 | D:2      | Reached skill level 1 in Maces & Flails
  1071 | D:2      | Reached skill level 1 in Polearms
  1071 | D:2      | Reached skill level 1 in Staves
  1071 | D:2      | Reached skill level 1 in Slings
  1071 | D:2      | Reached skill level 1 in Bows
  1071 | D:2      | Reached skill level 1 in Crossbows
  1071 | D:2      | Reached skill level 1 in Throwing
  1071 | D:2      | Reached skill level 1 in Armour
  1071 | D:2      | Reached skill level 1 in Shields
  1071 | D:2      | Reached skill level 1 in Unarmed Combat
  1071 | D:2      | Reached skill level 1 in Evocations
  1348 | D:2      | Reached XP level 4. HP: 32/32 MP: 9/11
  1369 | D:2      | Noticed Terence
  1374 | D:2      | Learned a level 2 spell: Searing Ray
  1382 | D:2      | Killed Terence
  1576 | D:2      | Identified the +0 cloak of Yzepy {rN+}
  1674 | D:2      | Reached skill level 1 in Hexes
  1674 | D:2      | Reached skill level 1 in Summonings
  1674 | D:2      | Reached skill level 1 in Necromancy
  1674 | D:2      | Reached skill level 1 in Translocations
  1674 | D:2      | Reached skill level 1 in Transmutations
  1674 | D:2      | Reached skill level 1 in Fire Magic
  1674 | D:2      | Reached skill level 1 in Ice Magic
  1674 | D:2      | Reached skill level 1 in Air Magic
  1674 | D:2      | Reached skill level 1 in Earth Magic
  1674 | D:2      | Reached skill level 1 in Poison Magic
  1981 | D:3      | Noticed a bullfrog
  1994 | D:3      | Killed a bullfrog
  1995 | D:3      | Reached XP level 5. HP: 27/37 MP: 6/12
  2454 | D:3      | Noticed an ogre
  2456 | D:3      | Found a transporter.
  2456 | D:3      | Noticed kae's ghost (amateur TrTm)
  2461 | D:3      | Found a transporter.
  2730 | D:3      | Reached skill level 2 in Invocations
  2730 | D:3      | Reached XP level 6. HP: 43/44 MP: 6/13
  3547 | D:4      | Noticed a black bear
  3547 | D:4      | Noticed Sigmund
  3558 | D:4      | Killed a black bear
  3559 | D:4      | Reached skill level 2 in Fighting
  3559 | D:4      | Reached skill level 2 in Short Blades
  3559 | D:4      | Reached skill level 2 in Long Blades
  3559 | D:4      | Reached skill level 2 in Axes
  3559 | D:4      | Reached skill level 2 in Maces & Flails
  3559 | D:4      | Reached skill level 2 in Polearms
  3559 | D:4      | Reached skill level 2 in Staves
  3559 | D:4      | Reached skill level 2 in Slings
  3559 | D:4      | Reached skill level 2 in Bows
  3559 | D:4      | Reached skill level 2 in Crossbows
  3559 | D:4      | Reached skill level 2 in Throwing
  3559 | D:4      | Reached skill level 2 in Armour
  3559 | D:4      | Reached skill level 5 in Dodging
  3559 | D:4      | Reached skill level 2 in Shields
  3559 | D:4      | Reached skill level 2 in Unarmed Combat
  3559 | D:4      | Reached skill level 2 in Evocations
  3561 | D:4      | Killed Sigmund
  3562 | D:4      | Reached XP level 7. HP: 43/51 MP: 3/15
  3695 | D:4      | Reached skill level 2 in Hexes
  3695 | D:4      | Reached skill level 2 in Summonings
  3695 | D:4      | Reached skill level 2 in Necromancy
  3695 | D:4      | Reached skill level 2 in Translocations
  3695 | D:4      | Reached skill level 2 in Transmutations
  3695 | D:4      | Reached skill level 2 in Fire Magic
  3695 | D:4      | Reached skill level 2 in Ice Magic
  3695 | D:4      | Reached skill level 2 in Air Magic
  3695 | D:4      | Reached skill level 2 in Earth Magic
  3695 | D:4      | Reached skill level 2 in Poison Magic
  3987 | D:4      | Reached skill level 5 in Stealth
  4105 | D:4      | Reached skill level 3 in Invocations
  4203 | D:4      | Found a staircase to the Ecumenical Temple.
  4216 | D:4      | Reached XP level 8. HP: 54/57 MP: 7/16
  4281 | Temple   | Entered the Ecumenical Temple
  4438 | Temple   | Became a worshipper of Ashenzari the Shackled
  4916 | D:5      | Entered Level 5 of the Dungeon
  4978 | D:5      | Noticed Edmund
  4991 | D:5      | Killed Edmund
  4992 | D:5      | Reached skill level 3 in Fighting
  4992 | D:5      | Reached skill level 3 in Short Blades
  4992 | D:5      | Reached skill level 3 in Long Blades
  4992 | D:5      | Reached skill level 3 in Axes
  4992 | D:5      | Reached skill level 3 in Maces & Flails
  4992 | D:5      | Reached skill level 3 in Polearms
  4992 | D:5      | Reached skill level 3 in Staves
  4992 | D:5      | Reached skill level 3 in Slings
  4992 | D:5      | Reached skill level 3 in Bows
  4992 | D:5      | Reached skill level 3 in Crossbows
  4992 | D:5      | Reached skill level 3 in Throwing
  4992 | D:5      | Reached skill level 3 in Armour
  4992 | D:5      | Reached skill level 3 in Shields
  4992 | D:5      | Reached skill level 3 in Unarmed Combat
  4992 | D:5      | Reached skill level 3 in Evocations
  5478 | D:5      | Reached skill level 6 in Spellcasting
  5594 | D:5      | Noticed Menkaure
  5600 | D:5      | Killed Menkaure
  5779 | D:5      | Found a blossoming altar of Fedhas.
  5779 | D:5      | Found a hide-covered altar of Uskayaw.
  6363 | D:5      | Reached skill level 3 in Hexes
  6363 | D:5      | Reached skill level 3 in Summonings
  6363 | D:5      | Reached skill level 3 in Necromancy
  6363 | D:5      | Reached skill level 3 in Translocations
  6363 | D:5      | Reached skill level 3 in Transmutations
  6363 | D:5      | Reached skill level 3 in Fire Magic
  6363 | D:5      | Reached skill level 3 in Ice Magic
  6363 | D:5      | Reached skill level 3 in Air Magic
  6363 | D:5      | Reached skill level 3 in Earth Magic
  6363 | D:5      | Reached skill level 3 in Poison Magic
  6363 | D:5      | Reached skill level 4 in Invocations
  6653 | D:6      | Reached skill level 6 in Dodging
  6678 | D:6      | Reached XP level 9. HP: 65/65 MP: 12/18
  6757 | D:6      | Found a sand-covered staircase.
  6775 | D:6      | HP: 5/65 [bullfrog (6)]
  6775 | D:6      | HP: 2/65 [gnoll (3)]
  6775 | D:6      | Slain by a bullfrog

Vanquished Creatures
  Sigmund (D:4)
  Menkaure (D:5)
  Edmund (D:5)
  An ice beast (D:6)
  2 black bears (D:4)
  2 ogres
  2 necrophages (D:5)
  A kobold brigand (D:5)
  A bullfrog (D:3)
  2 scorpions
  2 jellies
  3 hounds
  2 orc priests
  A bullfrog skeleton (D:3)
  Terence (D:2)
  A scorpion zombie (D:3)
  2 orc wizards (D:4)
  7 adders
  2 ufetubi
  An adder skeleton (D:5)
  4 dart slugs
  11 orcs
  9 endoplasms
  5 giant cockroaches
  3 goblins
  7 hobgoblins
  2 jackals (D:3)
  12 kobolds
  7 quokkas
  7 ball pythons
  5 bats
  5 frilled lizards
  A kobold zombie (D:6)
  6 rats
120 creatures vanquished.

Vanquished Creatures (others)
  8 plants (D:5)
8 creatures vanquished.

Grand Total: 128 creatures vanquished
